 Dungeon Crawl Stone Soup version 0.27-a0-237-g52650a7530 (webtiles) character file.

Game seed: 1133350192332846520

634 KristoblXynda the Chopper (level 7, -16/62 HPs)
             Began as a Deep Dwarf Fighter on Feb 2, 2021.
             Was an Initiate of Makhleb.
             Demolished by an ogre
             ... wielding a +0 giant club
              (20 damage)
             ... on level 4 of the Dungeon.
             The game lasted 00:07:18 (2796 turns).

KristoblXynda the Chopper (Deep Dwarf Fighter)      Turns: 2796, Time: 00:07:18

Health: -16/62     AC:  8    Str: 21    XL:     7   Next: 24%
Magic:  7/7        EV:  7    Int:  9    God:    Makhleb [......]
Gold:   203        SH: 10    Dex: 12    Spells: 6/6 levels left

rFire    . . .     SeeInvis .   a - +0 war axe
rCold    . . .     Faith    .   c - +0 kite shield
rNeg     . . .     Spirit   .   b - +1 scale mail
rPois    .         Reflect  .   (no helmet)
rElec    .         Harm     .   (no cloak)
rCorr    .         Rampage  .   (no gloves)
Will     +....                  (no boots)
Stlth    ..........             (no amulet)
HPRegen  0.00/turn              (no ring)
MPRegen  0.10/turn              (no ring)

@: non-regenerating
A: damage resistance, heal wounds, sense surroundings 1, no regeneration
a: Heal Wounds, Renounce Religion


You were on level 4 of the Dungeon.
You worshipped Makhleb.
Makhleb was noncommittal.
You visited 1 branch of the dungeon, and saw 4 of its levels.
You also visited: Sewer.

You collected 203 gold pieces.

Inventory:

Hand Weapons
 a - a +0 war axe (weapon)
Armour
 b - a +1 scale mail (worn)
 c - a +0 kite shield (worn)
Scrolls
 g - 2 scrolls of enchant armour
 k - a scroll of fog
 l - a scroll of amnesia {unknown}
 o - a scroll of fear {unknown}
 p - a scroll of noise {unknown}
Potions
 d - 4 potions of might
 e - a potion of haste {unknown}
 f - 6 potions of flight
 h - a potion of brilliance
 i - a potion of heal wounds
 j - 4 potions of curing
 m - 2 potions of attraction {unknown}
 n - a potion of berserk rage {unknown}


   Skills:
 - Level 3.3 Fighting
 * Level 5.9 Axes
 + Level 5.3 Armour
 + Level 5.4 Shields


You had 6 spell levels left.
You didn't know any spells.
Your spell library was empty.

Dungeon Overview and Level Annotations

Branches:
Dungeon (4/15)              Sewer (visited)
 Temple: D:4-7

Altars:
Ashenzari
Cheibriados
Makhleb
Qazlal
Yredelemnul


Innate Abilities, Weirdness & Mutations

You are resistant to damage.
You can heal yourself by infusing magical energy.
You passively map a small area around you.
You do not regenerate.


Message History

You block the ogre's attack.
Unknown command.
You feel much better. You block the ogre's attack.
Your scale mail prevents you from hitting the ogre.
The ogre is heavily wounded.
The ogre hits you with a +0 giant club!
You slash the ogre!
The ogre is severely wounded.
The ogre hits you but does no damage.
Your scale mail prevents you from hitting the ogre.
The ogre is severely wounded.
You block the ogre's attack.
You hit the ogre.
The ogre is almost dead.
The ogre hits you with a +0 giant club!!
* * * LOW HITPOINT WARNING * * *
You hit the ogre but do no damage.
The ogre is almost dead.
The ogre hits you with a +0 giant club!!
You die...

*,##########......#
#..# * ###.####
#..# #.# #.## #.#
#.* #.# * * #.# #.#
* #.# * , #@# *
#######O# <*
......<.# * * *
######.w# * #..# ,
#..# * #...# #.#.#
* * #. .# ,


You could see an ogre and a worm.

Vanquished Creatures
  A black bear (D:4)
  A big kobold (Sewer)
  A howler monkey (D:4)
  2 orc priests
  A bullfrog skeleton (D:4)
  4 worker ants (D:4)
  2 orc wizards (D:4)
  5 adders
  6 river rats (Sewer)
  An ooze (D:2)
  4 worms
  A dart slug (D:1)
  2 leopard geckos (D:1)
  3 orcs
  6 ball pythons
  3 bats
  2 giant cockroaches
  4 goblins
  4 hobgoblins
  7 jackals
  18 kobolds
  2 quokkas
  3 frilled lizards
  A quokka skeleton (D:4)
  24 rats
108 creatures vanquished.

Notes
Turn   | Place    | Note
-------+----------+-------------------------------------------
     0 | D:1      | KristoblXynda the Deep Dwarf Fighter began the quest for
                  | the Orb.
     0 | D:1      | Reached XP level 1. HP: 20/20 MP: 1/1
   107 | D:1      | Reached XP level 2. HP: 20/27 MP: 2/2
   684 | D:2      | Found a stormy altar of Qazlal.
   740 | D:2      | Found a snail-covered altar of Cheibriados.
   780 | D:2      | Found a basalt altar of Yredelemnul.
   843 | D:2      | Reached XP level 3. HP: 11/34 MP: 3/3
  1212 | D:3      | Reached XP level 4. HP: 39/42 MP: 4/4
  1313 | D:3      | Found a faded altar of an unknown god.
  1465 | D:3      | Found a glowing drain.
  1493 | Sewer    | Entered a sewer
  1628 | Sewer    | Reached XP level 5. HP: 21/49 MP: 5/5
  1841 | D:3      | Reached XP level 6. HP: 27/56 MP: 6/6
  2276 | D:3      | Found a burning altar of Makhleb.
  2293 | D:3      | Found a broken altar of Ashenzari.
  2302 | D:3      | Became a worshipper of Makhleb the Destroyer
  2411 | D:4      | Reached skill level 5 in Axes
  2411 | D:4      | Reached skill level 5 in Armour
  2411 | D:4      | Reached skill level 5 in Shields
  2532 | D:4      | Reached XP level 7. HP: 19/62 MP: 7/7
  2796 | D:4      | Demolished by an ogre

Illustrated notes

Levels and vault maps discovered:
D:1:      dpeg_arrival_pond, layout_basic
D:2:      layout_basic, cheibriados_altar_1, lemuel_round_altar,
          marbit_many_paths, chequers_serial_rivers_small_a
D:3:      layout_loops_ring, minitemple, cheibrodos_sewer_entry_bend,
          chequers_ecumenical_altar_simple_redux, minmay_strange_pillars
D:4:      layout_loops_ring, uniq_edmund

Skill      XL: |  1  2  3  4  5  6 |
---------------+-------------------+-----
Fighting       | 3 |  3.3
Axes           | 3 4 5 |  5.9
Armour         | 4 5 |  5.3
Shields        | 4 5 |  5.4

Action                   |  1- 3 |  4- 6 |  7- 9 || total
-------------------------+-------+-------+-------++-------
Melee: War axe           |    77 |   164 |    41 ||   282
 Abil: Heal Wounds       |     1 |       |       ||     1
  Use: Scroll            |     8 |     1 |       ||     9
       Potion            |     1 |     4 |     2 ||     7
Armor: Scale mail        |    33 |   115 |    25 ||   173
Dodge: Dodged            |    22 |    70 |    15 ||   107
Block: Kite shield       |    48 |   105 |    20 ||   173

Table legend: (Time is in decaauts)
 A = Elapsed time spent in this place.
 B = Non-inter-level travel time spent in this place.
 C = Inter-level travel time spent in this place.
 D = Time resting spent in this place.
 E = Time spent auto-exploring this place.
 F = Levels seen in this place.
 G = Mean time per level.
                   A        B        C        D        E       F      G
               +--------+--------+--------+--------+--------+-----+--------+
         Total |   2956 |   2889 |     67 |    158 |   1649 |   5 |  591.2 |
       Dungeon |   2581 |   2514 |     67 |    158 |   1649 |   4 |  645.2 |
         Sewer |    375 |    375 |      0 |      0 |      0 |   1 |  375.0 |
               +--------+--------+--------+--------+--------+-----+--------+

Top non-repeatable levels by time:
     D:3: 933 daAuts
     D:2: 603 daAuts
     D:1: 550 daAuts
     D:4: 493 daAuts
   Sewer: 375 daAuts
